 Dungeon Crawl Stone Soup version 0.19.0-2-gae57169 (webtiles) character file.

326 rocketpapaya the Conjurer (level 6, 32/41 HPs)
             Began as a Human Conjurer on Nov 5, 2016.
             Was a Believer of Zin.
             Quit the game on level 4 of the Dungeon.
             The game lasted 00:12:09 (4034 turns).

rocketpapaya the Conjurer (Human Conjurer)          Turns: 4034, Time: 00:12:10

Health: 32/41      AC:  1    Str:  8    XL:     6   Next: 78%
Magic:  2/11       EV: 12    Int: 18    God:    Zin [**....]
Gold:   174        SH:  0    Dex: 13    Spells: 4 memorised, 1 level left

rFire  . . .     SeeInvis .     h - +0 club
rCold  . . .     Gourm    .     w - -2 leather armour (curse)
rNeg   . . .     Faith    .     (no shield)
rPois  .         Spirit   .     (no helmet)
rElec  .         Reflect  .     (no cloak)
rCorr  .         Harm     .     (no gloves)
MR     .....                    (no boots)
Stlth  ++........               n - amulet of rage
                                (no ring)
                                (no ring)

@: no status effects
A: no striking features
a: Recite, Vitalisation, Donate Gold, Renounce Religion, Evoke Berserk Rage


You were on level 4 of the Dungeon.
You worshipped Zin.
Zin was pleased with you.
You were not hungry.

You visited 1 branch of the dungeon, and saw 4 of its levels.

You collected 193 gold pieces.
You donated 19 gold pieces to Zin.

Inventory:

Hand Weapons
 h - a +0 club (weapon)
Missiles
 j - 158 stones (quivered)
Armour
 a - a +0 robe
 s - a +0 buckler
 w - a cursed -2 leather armour (worn)
Jewellery
 n - an amulet of rage (around neck)
Wands
 u - a wand of disintegration (6/24)
Scrolls
 d - 4 scrolls of identify {unknown}
 e - 2 scrolls of magic mapping {unknown}
 g - a scroll of enchant weapon {unknown}
 i - a scroll of teleportation {unknown}
 m - 2 scrolls of fear {unknown}
 o - 2 scrolls of remove curse {unknown}
 r - a scroll of amnesia {unknown}
Potions
 k - 2 potions of beneficial mutation {unknown}
 q - a potion of lignification {unknown}
 t - a potion of agility {unknown}
 x - a potion of invisibility {unknown}
Books
 b - a book of Conjurations

   Spells                             Type                      Level
   a - Magic Dart                     Conjuration                  1
   b - Searing Ray                    Conjuration                  2
   c - Dazzling Spray                 Conjuration/Hexes            3
   d - Fulminant Prism                Conjuration/Hexes            4
   e - Iskenderun's Mystic Blast      Conjuration                  4
   f - Iskenderun's Battlesphere      Conjuration/Charms           5
Comestibles
 c - 2 bread rations
 f - a royal jelly
 l - 2 meat rations
 p - 2 beef jerkies
 v - 2 chunks of flesh


   Skills:
 - Level 2.0 Dodging
 - Level 2.0 Stealth
 + Level 3.4 Spellcasting
 * Level 6.3 Conjurations
 + Level 2.1 Hexes
 + Level 0.9 Invocations


You had one spell level left.
You knew the following spells:

 Your Spells              Type           Power        Failure   Level  Hunger
a - Magic Dart            Conj           ####         1%          1    None
b - Searing Ray           Conj           ####..       2%          2    ##.....
c - Dazzling Spray        Conj/Hex       ###...       14%         3    ###....
d - Iskenderun's Mystic   Conj           ####....     17%         4    ####...


Dungeon Overview and Level Annotations

Branches:
Dungeon (4/15)
 Temple: D:4-7

Altars:
Okawaru
Zin


Message History

The searing ray hits the orc.
You kill the orc!
The searing ray hits the orc.
You kill the orc!
You see here a scale mail.
Things that are here:
a dyed leather armour; an orc corpse
w - a dyed leather armour
Casting: Searing Ray
Confirm with . or Enter, or press ? or * to list all spells.
Okay, then.
Wear which item? (? for menu, Esc to quit)
You start removing your armour.
You continue taking off your +0 robe. x4
You finish taking off your +0 robe.
You start putting on your armour.
You continue putting on your dyed leather armour. x5
You finish putting on your cursed -2 leather armour.
Oops, that feels deathly cold.
Okay, then.
Are you sure you want to abandon this character and quit the game? (Confirm with "yes".)

#..#####...........
#######..#####...........
#..................#.###<
#######..#####.....#.###.##.#
#####.....................
#.....................##.#
#######>..................
#....[#..##.#.###.##.#
#....@#..##.#.# #.##.#
########.....#..##.#.# #.##.#
#............#.......###.##.#
#............+.....####......
#............#.##............
#............#.##............
#..[.....[...#.##............
#............#.##............
####...........##............


There were no monsters in sight!

Vanquished Creatures
  A water moccasin skeleton (D:4)
  3 orc priests
  An orc wizard (D:4)
  A worker ant (D:4)
  4 adders
  5 worms
  A dart slug (D:3)
  6 leopard geckos
  10 orcs
  2 ball pythons
  4 giant cockroaches
  4 goblins
  4 hobgoblins
  14 jackals
  2 kobolds
  A quokka (D:4)
  5 bats
  A frilled lizard (D:2)
  A jackal skeleton (D:4)
  8 rats
78 creatures vanquished.

Notes
Turn   | Place    | Note
-------+----------+-------------------------------------------
     0 | D:1      | rocketpapaya the Human Conjurer began the quest for the Orb.
     0 | D:1      | Reached XP level 1. HP: 13/13 MP: 3/3
   161 | D:1      | Reached XP level 2. HP: 12/19 MP: 0/5
   275 | D:1      | Learned a level 2 spell: Searing Ray
   856 | D:2      | Reached XP level 3. HP: 23/24 MP: 2/6
   942 | D:2      | Found a faded altar of an unknown god.
   969 | D:2      | Became a worshipper of Zin the Law-Giver
   969 | D:2      | Reached * piety under Zin
  1540 | D:2      | Reached ** piety under Zin
  1586 | D:2      | Reached skill level 5 in Conjurations
  1592 | D:2      | Learned a level 3 spell: Dazzling Spray
  2125 | D:3      | Reached XP level 4. HP: 30/30 MP: 1/7
  2202 | D:3      | Found an iron altar of Okawaru.
  2798 | D:3      | Reached XP level 5. HP: 25/35 MP: 2/9
  2848 | D:3      | Reached skill level 1 in Hexes
  3382 | D:4      | Reached XP level 6. HP: 28/41 MP: 2/10
  3457 | D:4      | Learned a level 4 spell: Iskenderun's Mystic Blast
  3488 | D:4      | Reached skill level 6 in Conjurations
  4034 | D:4      | Quit the game

Skill      XL: |  1  2  3  4  5  6 |
---------------+-------------------+-----
Conjurations   | 5 6 |  6.3
Hexes          | 1 2 |  2.1
Spellcasting   | 3 |  3.4
Dodging        | |  2.0
Stealth        | |  2.0
Invocations    | |  0.9

Action                   |  1- 3 |  4- 6 || total
-------------------------+-------+-------++-------
Melee: Unarmed           |    11 |       ||    11
       Club              |    59 |    52 ||   111
 Cast: Magic Dart        |    62 |    69 ||   131
       Searing Ray       |     3 |    12 ||    15
Evoke: Wand              |       |     3 ||     3
 Stab: Sleeping          |     2 |       ||     2
  Eat: Chunk             |     4 |     8 ||    12
Armor: Robe              |    14 |     9 ||    23
Dodge: Dodged            |    56 |    42 ||    98
